details: 'stupid'

« prev index next »

General information

Mini Map

Players

team 1
Undeadpwnjr (purple | 26 APM | 1443 actions | 55:49)
Hero icon 2 Death Knight
Ability icon 1 Unholy Aura
Ability icon 1 Death Coil

» actions
Assign group hotkey8
Basic commands100
Build / train70
Enter build submenu14
Enter hero's abilities submenu2
Remove unit from queue5
Right click513
Select / deselect447
Select group hotkey206
Use ability78
1443 total
» units
Acolyte3
Ghoul3
Crypt Fiend9
Meatwagon2
Wisp19
Huntress-2
Glaive Thrower12
46 total
» upgrades
Creature Attack3
Creature Carapace3
Burrow1
Web1
Ghoul Frenzy1
Exhume Corpses1
10 total
» buildings
Ziggurat5
Altar of Darkness2
Graveyard1
Crypt2
Spirit Tower2
Tomb of Relics1
Halls of the Dead1
Black Citadel1
Slaughterhouse1
Ancient Protector3
19 total
» build order
00:10 Ziggurat
00:11 Ziggurat
00:29 Altar of Darkness
01:25 Graveyard
01:35 Altar of Darkness
01:39 Crypt
02:12 Ziggurat
02:15 Ziggurat
04:18 Spirit Tower
04:39 Tomb of Relics
04:42 Halls of the Dead
06:40 Ziggurat
07:35 Spirit Tower
10:36 Black Citadel
22:26 Slaughterhouse
23:37 Crypt
48:27 Ancient Protector
48:40 Ancient Protector
48:54 Ancient Protector
» items
Dust of Appearance1
Rod of Necromancy1
2 total
Random» UndeadYeahShesAssBATS (red | 100 APM | 5597 actions | 56:10)
Hero icon 9 Death Knight
Ability icon 3 Death Coil
Ability icon 3 Unholy Aura
Ability icon 1 Animate Dead
Ability icon 2 Death Pact
Hero icon 8 Lich
Ability icon 3 Frost Nova
Ability icon 3 Dark Ritual
Ability icon 1 Death and Decay
Ability icon 1 Frost Armor
Hero icon 8 Dreadlord
Ability icon 3 Sleep
Ability icon 3 Carrion Swarm
Ability icon 1 Inferno
Ability icon 1 Vampiric Aura

» actions
Assign group hotkey32
Basic commands557
Build / train88
ESC pressed5
Enter build submenu29
Enter hero's abilities submenu28
Give item / drop item8
Right click2366
Select / deselect1353
Select group hotkey911
Use ability219
5597 total
» units
Acolyte8
Ghoul3
Crypt Fiend10
Frost Wyrm9
30 total
» upgrades
Creature Attack3
Creature Carapace3
Freezing Breath1
7 total
» buildings
Crypt1
Graveyard1
Altar of Darkness1
Ziggurat10
Tomb of Relics2
Halls of the Dead1
Black Citadel1
Sacrificial Pit1
Boneyard2
Spirit Tower5
Necropolis3
Tree of Life2
30 total
» build order
00:10 Crypt
00:24 Graveyard
00:46 Altar of Darkness
01:01 Ziggurat
01:28 Tomb of Relics
02:05 Ziggurat
04:29 Halls of the Dead
04:40 Ziggurat
07:15 Black Citadel
07:40 Ziggurat
09:10 Sacrificial Pit
09:49 Ziggurat
10:24 Boneyard
11:01 Boneyard
13:32 Ziggurat
17:19 Spirit Tower
17:24 Spirit Tower
23:01 Ziggurat
23:28 Tomb of Relics
23:50 Necropolis
23:51 Ziggurat
23:52 Ziggurat
23:58 Ziggurat
25:14 Spirit Tower
25:27 Spirit Tower
25:28 Spirit Tower
29:16 Necropolis
29:59 Necropolis
31:33 Tree of Life
34:53 Tree of Life
» items
Rod of Necromancy3
Lesser Clarity Potion2
Orb of Corruption2
Scroll of Town Portal5
Scroll of Healing3
Potion of Mana1
16 total
NightElfCindy- (pink | 23 APM | 730 actions | 31:17)
Hero icon 2 Priestess of the Moon
Ability icon 1 Trueshot Aura
Ability icon 1 Searing Arrows

» actions
Build / train77
Enter build submenu18
Enter hero's abilities submenu3
Remove unit from queue9
Right click405
Select / deselect199
Use ability19
730 total
» units
Wisp9
Archer22
Huntress20
Glaive Thrower5
56 total
» upgrades
Backpack1
Nature's Blessing1
Improved Bows1
Sentinel1
Vorpal Blades1
Marksmanship1
Upgrade Moon Glaive1
7 total
» buildings
Altar of Elders1
Moon Well6
Ancient of War3
Hunter's Hall1
Ancient Protector1
Ancient of Wonders2
Tree of Ages1
Tree of Eternity1
16 total
» build order
00:21 Altar of Elders
01:00 Moon Well
01:34 Ancient of War
02:13 Hunter's Hall
03:55 Moon Well
06:31 Ancient Protector
07:35 Moon Well
08:11 Ancient of Wonders
11:15 Moon Well
11:45 Ancient of Wonders
12:36 Ancient of War
14:22 Ancient of War
14:45 Tree of Ages
16:32 Moon Well
25:00 Tree of Eternity
25:11 Moon Well
UndeadBig_Loser (yellow | 5 APM | 265 actions | 56:10)
Hero icon 5 Priestess of the Moon
Ability icon 2 Trueshot Aura
Ability icon 1 Scout
Ability icon 1 Starfall
Ability icon 1 Searing Arrows

» actions
Basic commands30
Build / train11
Enter build submenu4
Enter hero's abilities submenu4
Remove unit from queue2
Right click55
Select / deselect146
Use ability13
265 total
» units
Acolyte5
5 total
» upgrades
Strength of the Moon1
1 total
» buildings
Tree of Life2
2 total
» build order
39:47 Tree of Life
51:14 Tree of Life
team 2
Orc4v4[abuser] (orange | 36 APM | 2028 actions | 56:10)
Hero icon 7 Blademaster
Ability icon 3 Wind Walk
Ability icon 3 Critical Strike
Ability icon 1 Bladestorm
Hero icon 3 Tauren Chieftain
Ability icon 1 War Stomp
Ability icon 2 Endurance Aura

» actions
Assign group hotkey29
Basic commands21
Build / train107
Enter build submenu27
Enter hero's abilities submenu10
Give item / drop item3
Right click1226
Select / deselect404
Select group hotkey113
Use ability88
2028 total
» units
Peon15
Troll Headhunter/Berserker18
Troll Batrider7
Troll Witch Doctor1
Hippogryph32
Dryad3
Wisp5
81 total
» upgrades
Ranged Weapons2
Berserker Upgrade1
Shaman Training1
4 total
» buildings
Altar of Storms2
Orc Burrow10
War Mill1
Barracks3
Voodoo Lounge1
Stronghold2
Beastiary2
Fortress1
Spirit Lodge1
Great Hall2
Ancient of Wind3
28 total
» build order
00:21 Altar of Storms
00:26 Orc Burrow
00:44 War Mill
02:01 Barracks
02:07 Barracks
02:20 Voodoo Lounge
03:59 Orc Burrow
04:01 Orc Burrow
04:06 Orc Burrow
05:14 Barracks
07:18 Orc Burrow
10:53 Stronghold
15:16 Beastiary
15:18 Beastiary
16:14 Fortress
19:55 Orc Burrow
20:01 Spirit Lodge
29:39 Orc Burrow
34:01 Great Hall
35:23 Great Hall
37:45 Orc Burrow
39:04 Altar of Storms
41:34 Stronghold
41:39 Orc Burrow
42:48 Orc Burrow
47:27 Ancient of Wind
47:51 Ancient of Wind
49:20 Ancient of Wind
» items
Scroll of Speed1
Lesser Clarity Potion1
Healing Salve2
Orb of Lightning1
Potion of Healing1
Potion of Mana1
7 total
Humanreblue (teal | 41 APM | 2298 actions | 56:10)
Hero icon 8 Archmage
Ability icon 2 Blizzard
Ability icon 3 Brilliance Aura
Ability icon 2 Summon Water Elemental
Ability icon 1 Mass Teleport

» actions
Basic commands217
Build / train150
Enter build submenu44
Enter hero's abilities submenu8
Give item / drop item1
Right click1006
Select / deselect702
Use ability170
2298 total
» units
Peasant8
Rifleman21
Priest7
Sorceress5
Siege Engine38
Goblin Shredder1
Huntress8
Archer1
Druid of the Talon7
Faerie Dragon5
101 total
» upgrades
Gunpowder3
Armor4
Lumber Harvesting2
Masonry3
Priest Training1
Sorceress Training1
Flare1
Barrage1
16 total
» buildings
Altar of Kings2
Farm14
Lumber Mill1
Blacksmith1
Barracks1
Keep2
Arcane Sanctum1
Castle2
Workshop9
Town Hall3
Scout Tower7
Guard Tower7
50 total
» build order
00:06 Altar of Kings
00:29 Farm
00:47 Lumber Mill
01:44 Blacksmith
01:59 Barracks
02:11 Farm
03:29 Farm
04:10 Keep
04:13 Farm
04:54 Farm
05:41 Farm
06:28 Farm
06:32 Arcane Sanctum
07:20 Farm
08:28 Farm
09:09 Farm
09:53 Farm
10:23 Castle
11:19 Workshop
13:02 Town Hall
13:43 Farm
14:31 Farm
16:17 Workshop
18:11 Farm
19:41 Workshop
27:13 Town Hall
32:20 Scout Tower
32:59 Guard Tower
33:01 Scout Tower
33:54 Guard Tower
33:55 Scout Tower
34:26 Guard Tower
34:27 Scout Tower
39:05 Keep
39:21 Scout Tower
39:22 Guard Tower
40:05 Guard Tower
40:07 Scout Tower
41:00 Guard Tower
41:05 Town Hall
45:40 Workshop
45:43 Workshop
46:57 Workshop
47:09 Altar of Kings
47:19 Scout Tower
48:08 Workshop
48:19 Castle
49:52 Guard Tower
50:23 Workshop
51:23 Workshop
» items
Scroll of Town Portal9
Potion of Lesser Invulnerability4
13 total
NightElfalex2315 (green | 28 APM | 1089 actions | 39:34)
Hero icon 5 Priestess of the Moon
Ability icon 3 Searing Arrows
Ability icon 2 Trueshot Aura

» actions
Basic commands10
Build / train151
Enter build submenu21
Enter hero's abilities submenu5
Right click423
Select / deselect413
Use ability66
1089 total
» units
Wisp31
Archer30
Huntress3
Dryad16
Hippogryph20
Mountain Giant7
107 total
» upgrades
Nature's Blessing1
Backpack1
Improved Bows1
Ultravision1
Moon Armor3
Strength of the Moon3
Hippogryph Taming1
Vorpal Blades1
Sentinel1
Well Spring1
Reinforced Hides3
Strength of the Wild3
Marksmanship1
Upgrade Moon Glaive1
Druid of the Talon Training2
Hardened Skin1
Resistant Skin1
Druid of the Claw Training2
Abolish Magic1
Mark of the Talon1
Mark of the Claw1
31 total
» buildings
Altar of Elders1
Moon Well6
Ancient of Wonders1
Ancient of War1
Tree of Ages2
Hunter's Hall1
Ancient of Wind1
Tree of Eternity1
Ancient Protector6
Ancient of Lore2
Tree of Life1
23 total
» build order
00:12 Altar of Elders
00:26 Moon Well
01:41 Ancient of Wonders
03:22 Ancient of War
03:50 Tree of Ages
04:06 Moon Well
05:48 Moon Well
08:13 Hunter's Hall
08:36 Ancient of Wind
10:49 Tree of Eternity
10:58 Moon Well
12:18 Moon Well
13:21 Moon Well
13:45 Ancient Protector
14:38 Ancient Protector
15:18 Ancient of Lore
15:30 Ancient of Lore
18:45 Tree of Life
20:35 Ancient Protector
20:55 Ancient Protector
21:04 Ancient Protector
21:24 Ancient Protector
31:26 Tree of Ages
» items
Moonstone2
Lesser Clarity Potion1
Orb of Venom1
4 total
Humanrcpl (blue | 15 APM | 828 actions | 56:10)
Hero icon 3 Paladin
Ability icon 1 Holy Light
Ability icon 2 Devotion Aura
Hero icon 2 Dark Ranger
Ability icon 1 Black Arrow
Ability icon 1 Life Drain

» actions
Build / train86
Enter build submenu39
Enter hero's abilities submenu5
Remove unit from queue2
Right click305
Select / deselect328
Use ability63
828 total
» units
Peasant19
Footman8
Knight12
Dragonhawk Rider5
44 total
» upgrades
Swords3
Plating3
Lumber Harvesting2
Animal War Training1
Masonry2
11 total
» buildings
Barracks3
Altar of Kings1
Farm9
Arcane Vault1
Keep1
Lumber Mill1
Scout Tower12
Castle1
Blacksmith1
Guard Tower10
Town Hall2
Gryphon Aviary2
44 total
» build order
00:09 Barracks
00:22 Altar of Kings
00:35 Farm
01:16 Farm
02:06 Farm
02:51 Arcane Vault
04:06 Keep
04:09 Lumber Mill
04:13 Scout Tower
04:42 Scout Tower
07:16 Scout Tower
07:44 Castle
07:52 Blacksmith
07:55 Guard Tower
09:35 Barracks
09:48 Guard Tower
12:35 Farm
14:07 Town Hall
15:47 Farm
16:56 Farm
18:17 Scout Tower
18:57 Scout Tower
19:25 Scout Tower
19:32 Guard Tower
20:01 Guard Tower
20:05 Scout Tower
20:33 Guard Tower
20:36 Scout Tower
21:17 Guard Tower
21:20 Scout Tower
22:00 Barracks
22:16 Gryphon Aviary
22:20 Guard Tower
22:24 Scout Tower
22:45 Guard Tower
22:48 Scout Tower
23:15 Guard Tower
23:19 Scout Tower
24:01 Gryphon Aviary
24:43 Guard Tower
24:55 Farm
25:32 Farm
26:16 Farm
27:26 Town Hall
» items
Scroll of Regeneration1
Potion of Healing2
Ivory Tower4
Orb of Fire1
Lesser Clarity Potion1
Scroll of Town Portal1
10 total

Chat log


(03:17 / All) YeahShesAssBATS: its ya boy 4v4 abuser
(03:19 / All) reblue: lol
(03:32 / All) 4v4[abuser]: ???
(03:38 / All) 4v4[abuser]: yaboy?
(03:50 / All) reblue: lol
(03:53 / All) reblue: noobs
(04:03 / All) reblue: lol
(04:11 / Allies) pwnjr: red and pink
(04:12 / Allies) pwnjr: no help?
(04:16 / All) 4v4[abuser]: uhmm yeah u cant 4vs4 abuse......
(04:17 / All) reblue: lol
(04:17 / All) YeahShesAssBATS: 803-851
(05:08 / All) reblue: tghz
(05:29 / Allies) pwnjr: thx
(06:09 / All) 4v4[abuser]: oops
(06:09 / All) reblue: thz
(06:25 / All) reblue: k
(06:41 / All) reblue: leave noobs please
(07:25 / Allies) Cindy-: hey

(09:04 / All) reblue: leave nooobbbbbbbbbbbbbsssssssssssss please
(09:30 / All) Big_Loser: yes teal you can leave noob
(09:39 / All) YeahShesAssBATS: teal is the shit
(10:23 / Allies) Big_Loser: u need statues
(10:27 / Allies) YeahShesAssBATS: wood

(15:02 / Allies) YeahShesAssBATS: pink gold
(15:02 / Allies) YeahShesAssBATS: ?
(15:10 / Allies) YeahShesAssBATS: purple gold
(15:14 / Allies) Cindy-: 2900
(15:14 / Allies) YeahShesAssBATS: and we win
(15:22 / Allies) YeahShesAssBATS: more
(15:24 / Allies) Cindy-: 2900
(15:30 / Allies) YeahShesAssBATS: ty
(15:30 / Allies) Cindy-: 3000
(15:37 / Allies) Cindy-: ok
(16:12 / Allies) Big_Loser: purple why not give red control and let him use some of your fiends? he's doing well with them
(16:39 / Allies) YeahShesAssBATS: make
(16:40 / Allies) YeahShesAssBATS: wagons
(17:03 / Allies) Big_Loser: and statues
(17:32 / All) rcpl: wow red thats ur base
(18:07 / All) YeahShesAssBATS: hi
(18:12 / Allies) YeahShesAssBATS: gold
(18:13 / Allies) YeahShesAssBATS: please
(18:17 / All) reblue: leave nooobssssssssssssssssssss
(18:19 / Allies) Cindy-: trade
(18:26 / Allies) YeahShesAssBATS: if you want to win
(18:52 / Allies) YeahShesAssBATS: pink
(18:55 / Allies) YeahShesAssBATS: please share
(18:56 / Allies) YeahShesAssBATS: your 4k
(18:58 / Allies) YeahShesAssBATS: I love you
(19:02 / Allies) Cindy-: ?
(19:07 / Allies) YeahShesAssBATS: give me some
(19:08 / Allies) YeahShesAssBATS: of your gold
(19:13 / Allies) Cindy-: trade

(20:25 / Allies) Big_Loser: red grab the treasures on the floor and sell them for gold
(21:16 / All) YeahShesAssBATS: Hey blue
(21:19 / All) YeahShesAssBATS: that was your army
(21:26 / All) rcpl: no
(21:27 / All) YeahShesAssBATS: hey theres your expo
(22:20 / Allies) YeahShesAssBATS: purple
(22:20 / Allies) YeahShesAssBATS: make
(22:22 / Allies) YeahShesAssBATS: wagons
(22:25 / Allies) YeahShesAssBATS: do it
(22:28 / Allies) pwnjr: kk

(23:29 / All) YeahShesAssBATS: rack one up
(23:32 / Allies) YeahShesAssBATS: for the good guys
(23:57 / Allies) Big_Loser: red use the well in the middle of the map to regen your mana and use the death knight to heal your guys
(24:38 / Allies) YeahShesAssBATS: gonna force tps
(24:39 / Allies) YeahShesAssBATS: now
(24:42 / Allies) YeahShesAssBATS: cant fight them
(24:43 / Allies) YeahShesAssBATS: head on
(25:34 / Allies) YeahShesAssBATS: pink if you share gold
(25:35 / Allies) YeahShesAssBATS: we will win
(25:44 / Allies) YeahShesAssBATS: trade?
(25:49 / Allies) Cindy-: ok you
(25:57 / Allies) Cindy-: you trade me
(26:03 / Allies) Cindy-: and me ggive my money
(26:07 / Allies) YeahShesAssBATS: I gave u wood
(26:15 / Allies) YeahShesAssBATS: 1000
(26:17 / Allies) Cindy-: trade
(26:18 / Allies) YeahShesAssBATS: give me 1000 gold
(26:27 / Allies) Cindy-: trade me
(26:31 / Allies) YeahShesAssBATS: I did
(26:40 / Allies) Cindy-: trade and me give my money
(26:43 / All) reblue: lol
(27:37 / Allies) YeahShesAssBATS: gold me
(27:39 / Allies) YeahShesAssBATS: jesus christ
(27:41 / Allies) YeahShesAssBATS: GOLD
(28:28 / All) reblue: i am waching tv
(28:29 / Allies) YeahShesAssBATS: trust me
(28:35 / Allies) Cindy-: je sais pas comment on fait pour trader
(28:41 / Allies) pwnjr: oh he is french!
(28:41 / Allies) pwnjr: fail
(28:42 / Allies) Cindy-: Yes
(28:49 / All) reblue: lol
(29:05 / All) reblue: run noob
(29:51 / Allies) YeahShesAssBATS: now watch me
(29:52 / Allies) YeahShesAssBATS: kill teals base
(30:05 / Allies) YeahShesAssBATS: pink follow me
(30:15 / Allies) YeahShesAssBATS: le follow
(30:21 / Allies) pwnjr: hahha
(30:34 / All) YeahShesAssBATS: do you like your base teal
(31:10 / All) YeahShesAssBATS: how much do you like it
(31:24 / Allies) YeahShesAssBATS: control
(31:26 / Allies) YeahShesAssBATS: defend her base
(32:16 / Allies) YeahShesAssBATS: dont go out of base
(32:20 / Allies) YeahShesAssBATS: nvm go
(32:56 / Allies) pwnjr: wisp
(33:22 / All) YeahShesAssBATS: hey teals expo
(33:29 / All) YeahShesAssBATS: tp

(34:34 / Allies) YeahShesAssBATS: stay here
(35:14 / Allies) YeahShesAssBATS: its over
(35:15 / Allies) YeahShesAssBATS: we won
(35:26 / Allies) pwnjr: really?
(35:28 / Allies) YeahShesAssBATS: take that
(35:29 / Allies) YeahShesAssBATS: yeah
(35:31 / Allies) YeahShesAssBATS: they have no gold
(35:34 / Allies) YeahShesAssBATS: and I have three high lvl heroes
(35:37 / Allies) YeahShesAssBATS: which can solo their army
(35:39 / Allies) YeahShesAssBATS: by themselves
(35:49 / Allies) YeahShesAssBATS: stay in base
(36:00 / All) YeahShesAssBATS: hey blues expo

(37:30 / All) YeahShesAssBATS: hey greens expo
(37:41 / All) alex2315: whore
(38:15 / All) pwnjr: KOBE!
(38:22 / Allies) YeahShesAssBATS: im ending it now
(38:27 / Allies) pwnjr: kk
(38:51 / All) 4v4[abuser]: boom lol
(38:55 / All) 4v4[abuser]: that wus fast
(39:03 / All) YeahShesAssBATS: leave noobs - teal
(39:46 / All) YeahShesAssBATS: the beauty
(39:46 / All) YeahShesAssBATS: of
(39:49 / All) YeahShesAssBATS: raping
(39:50 / All) YeahShesAssBATS: morons
(40:27 / Allies) YeahShesAssBATS: I know
(40:33 / Allies) YeahShesAssBATS: make glaives
(40:35 / Allies) YeahShesAssBATS: with pink
(40:36 / Allies) YeahShesAssBATS: right now
(41:07 / Allies) YeahShesAssBATS: wanna see me
(41:08 / Allies) YeahShesAssBATS: take it down with
(41:09 / Allies) YeahShesAssBATS: 1 lich
(41:20 / Allies) YeahShesAssBATS: watch
(41:24 / Allies) pwnjr: why do u keep cancelling the glaive throwers?
(41:28 / Allies) YeahShesAssBATS: Im not
(41:32 / Allies) pwnjr: someone is
(41:37 / Allies) pwnjr: is that guy who died still here?
(42:04 / All) YeahShesAssBATS: Hey teal
(42:07 / All) YeahShesAssBATS: watch me take out your base
(42:24 / Allies) pwnjr: big loser
(42:26 / Allies) pwnjr: ist still here
(43:01 / Allies) pwnjr: YELLOW
(43:03 / Allies) pwnjr: CUT IT OUT
(43:06 / Allies) pwnjr: YOU'RE BAD!
(43:35 / Allies) YeahShesAssBATS: watch it
(43:43 / Allies) YeahShesAssBATS: Im coming
(43:55 / Allies) YeahShesAssBATS: starfall
(43:57 / Allies) YeahShesAssBATS: when they get there
(44:02 / Allies) pwnjr: sigh

(45:34 / All) YeahShesAssBATS: wowee
(45:39 / All) YeahShesAssBATS: 99 8 heroes
(45:43 / Allies) YeahShesAssBATS: 9 8 7
(45:56 / Allies) pwnjr: ima build pink a new base here
(46:32 / Allies) pwnjr: yellow deal with the units
(46:36 / Allies) pwnjr: I'll make pink the money

(49:32 / Allies) YeahShesAssBATS: gonna make teal
(49:32 / Allies) YeahShesAssBATS: tp
(49:34 / Allies) YeahShesAssBATS: to his base
(49:38 / Allies) pwnjr: kk
(50:30 / Allies) Big_Loser: no farms = no food so no units

(51:42 / Allies) YeahShesAssBATS: teal maphacks
(51:47 / Allies) pwnjr: kk
(51:51 / Allies) pwnjr: well then D pinks base
(52:05 / Allies) Big_Loser: they have spy birds on trees
(52:12 / Allies) pwnjr: red
(52:16 / Allies) pwnjr: we will lose this expo
(52:18 / Allies) pwnjr: then we done
(52:24 / Allies) pwnjr: no buildings we lose
(53:10 / Allies) pwnjr: wisp
(53:57 / Allies) pwnjr: god you thought u were good
(54:02 / Allies) YeahShesAssBATS: we dont lose
(54:15 / Allies) YeahShesAssBATS: stop teal from making tanks
(54:18 / Allies) YeahShesAssBATS: then hes dne
(54:26 / Allies) YeahShesAssBATS: he has
(54:37 / Allies) YeahShesAssBATS: hide a moonwell

(55:43 / All) pwnjr: well red wouldn't hold off till we got pink up and running again so we lose, all u need to do is kill the buildings when we are
(55:45 / All) pwnjr: revealed
(55:47 / All) pwnjr: GL guys
(56:01 / All) 4v4[abuser]: red kept u guys alive
(56:04 / All) 4v4[abuser]: fuck u purple